AoeStats
← Kim Yung Lam Ber M'un

Arabia

510324289Analyzed
1v1 RM · 3d ago on Sep 30, 2026· 40m 31s· 2 players
Game mode
Random Map
Map size
Tiny (2 player)
Population
200
Speed
Normal
Resources
Standard
Victory
Conquest
Starting age
Dark Age
Ending age
Imperial Age
RankedLock teamsTeams togetherTeam positionsShared explorationLock speedFull tech treeHidden civsTurbo modeCheats
Victory
Defeat
🇳🇱 Saracens · Netherlands
1548
+19
🇮🇹 Teutons · Italy
1604
-19
Elnor
6:41 Loom
9:16 Feudal Age
9:28 Man-at-Arms
10:09 Double-Bit Axe
13:50 Fletching
14:34 Horse Collar
21:17 Castle Age
20:16 Scale Barding Armor
21:53 Bloodlines
22:11 Bodkin Arrow
23:50 Bow Saw
25:45 Pikeman
26:48 Forging
27:59 Scale Mail Armor
29:50 Wheelbarrow
32:23 Chain Mail Armor
36:13 Imperial Age
36:08 Masonry
36:38 Hand Cart
38:01 Chemistry
37:22 Guard Tower
38:48 Plate Mail Armor
39:06 Padded Archer Armor
38:59 Town Watch
39:14 Gold Mining
39:14 Stone Mining
Kim Yung Lam Ber M'un
6:13 Loom
8:49 Feudal Age
10:10 Double-Bit Axe
15:25 Fletching
19:42 Scale Barding Armor
21:09 Bloodlines
25:40 Castle Age
25:54 Horse Collar
27:07 Wheelbarrow
27:23 Husbandry
27:36 Bow Saw
28:43 Bodkin Arrow
28:51 Crossbowman
33:47 Ballistics
38:26 Imperial Age
37:58 Thumb Ring
40:13 Chemistry
39:55 Bracer
Connection lost

Rejoining the realm…

Still unreachable

The connection could not be restored.

Session expired

The server has moved on; the page needs a fresh start.